 Dungeon Crawl Stone Soup version 0.28.0 (webtiles) character file.

Game seed: 738280285086128837

167598 Armakuni the Scorcher (level 18, -13/132 HPs)
             Began as a Human Gladiator on Feb 13, 2022.
             Was an Elder of the Shining One.
             Killed from afar by a spark wasp (21 damage)
             ... with a living lightning
             ... on level 4 of the Spider Nest on Feb 14, 2022.
             The game lasted 01:45:43 (41806 turns).

Armakuni the Scorcher (Human Gladiator)            Turns: 41806, Time: 01:45:44

Health: -13/132    AC: 16    Str: 27      XL:     18   Next: 56%
Magic:  21/37      EV: 13    Int: 22 (23) God:    the Shining One [****..]
Gold:   2340       SH: 11    Dex: 17 (19) Spells: 13/27 levels left

rFire   + . .      SeeInvis .   a - +7 morningstar of Xacwetyc {flame, +Blink rPois Str+4 Int+4}
rCold   + . .      Faith    +   s - orb {light}
rNeg    + + .      Spirit   .   P - +3 ring mail of the Little Devil {+Inv Regen+ Str+3}
rPois   +          Reflect  .   f - +2 helmet {Int+3}
rElec   .          Harm     .   u - scarf {rC+ rF+}
rCorr   .          Rampage  .   d - +0 pair of fencer's gloves {Riposte Dex+3}
Will    +....                   m - +0 pair of boots
Stlth   +.........              U - amulet of faith
HPRegen 1.12/turn               L - ring of magical power
MPRegen 0.25/turn               I - +6 ring of intelligence

@: divinely shielded, glowing
A: no striking features
a: Renounce Religion, Evoke Blink, Evoke Invisibility, Divine Shield, Cleansing
Flame


You were on level 4 of the Spider Nest.
You worshipped the Shining One.
The Shining One was greatly pleased with you.
You visited 5 branches of the dungeon, and saw 28 of its levels.
You also visited: Sewer and Gauntlet.

You collected 3870 gold pieces.
You spent 1530 gold pieces at shops.

Inventory:

Hand Weapons
 a - the +7 morningstar of Xacwetyc (weapon) {flame, +Blink rPois Str+4 Int+4}
   (You found it on level 13 of the Dungeon)

   It burns those it strikes, dealing additional fire damage.
   Str:       It affects your strength (+4).
   Int:       It affects your intelligence (+4).
   rPois:     It protects you from poison.
   +Blink:    It lets you blink.
 e - the +4 flail "Onewer" {vorpal, rElec Stlth+}
   (You found it on level 7 of the Dungeon)

   It inflicts extra damage upon your enemies.
   rElec:     It insulates you from electricity.
   Stlth:     It makes you more stealthy.
 h - a +8 sacred scourge of holy wrath
Armour
 d - the +0 pair of fencer's gloves (worn) {Riposte Dex+3}
   (You found it in a Gauntlet)

   It allows the wearer to riposte with melee weapons, swiftly retaliating
   against missed attacks.
   Dex:       It affects your dexterity (+3).
 f - a +2 helmet of intelligence (worn)
 m - a +0 pair of boots (worn)
 s - an orb of light (worn)
 u - a scarf of resistance (worn)
 P - the +3 ring mail of the Little Devil (worn) {+Inv Regen+ Str+3}
   (You bought it in a shop on level 2 of the Orcish Mines)

   Str:       It affects your strength (+3).
   +Inv:      It lets you turn invisible.
   Regen:     It increases your rate of health regeneration.
Magical Staves
 b - a staff of fire
Jewellery
 H - an amulet of reflection
 I - a +6 ring of intelligence (right hand)
 J - a ring of protection from cold
 L - a ring of magical power (left hand)
 U - an amulet of faith (around neck)
Wands
 j - a wand of polymorph (6)
 k - a wand of digging (37)
Scrolls
 g - 5 scrolls of teleportation
 i - 11 scrolls of identify
 l - 3 scrolls of magic mapping
 q - 5 scrolls of blinking
 r - 10 scrolls of enchant armour
 w - 2 scrolls of immolation
 y - 4 scrolls of fog
 C - 5 scrolls of amnesia
 E - a scroll of summoning
Potions
 c - 10 potions of flight
 o - 6 potions of brilliance
 p - 2 potions of cancellation
 v - a potion of haste
 B - 4 potions of mutation
 D - 6 potions of curing
 G - 2 potions of lignification
 K - 2 potions of might
 N - a potion of berserk rage
 T - 3 potions of ambrosia
Miscellaneous
 t - a tin of tremorstones (inert)


   Skills:
 - Level 9.1 Fighting
 - Level 9.3(12.0) Maces & Flails
 - Level 12.0(13.2) Staves
 - Level 2.0 Throwing
 - Level 10.0 Armour
 - Level 4.8 Dodging
 - Level 5.0 Spellcasting
 - Level 5.0 Conjurations
 + Level 18.1 Fire Magic
 - Level 14.1 Invocations
 - Level 10.0 Evocations


You had 13 spell levels left.
You knew the following spells:

 Your Spells              Type           Power      Damage    Failure   Level
a - Apportation           Tloc           10%        N/A       14%         1
i - Inner Flame           Hex/Fire       45%        N/A       1%          3
s - Sticky Flame          Conj/Fire      54%        2d7       1%          4
w - Flame Wave            Conj/Fire      54%        2d11      1%          4
W - Wereblood             Tmut           5%         N/A       21%         2

Your spell library contained the following spells:

 Spells                   Type           Power      Damage    Failure   Level
 Foxfire                  Conj/Fire      100%       2x1d9     1%          1
 Conjure Flame            Conj/Fire      54%        6-21      1%          3
 Ignite Poison            Fire/Tmut/Pois 32%        N/A       3%          3
 Shock                    Conj/Air       64%        1d7       4%          1
 Animate Skeleton         Necr           10%        N/A       14%         1
 Pain                     Necr           20%        1d5       14%         1
 Blink                    Tloc           10%        N/A       21%         2
 Corpse Rot               Necr/Air       10%        N/A       21%         2
 Ensorcelled Hibernation  Hex/Ice        10%        N/A       21%         2
 Poisonous Vapours        Pois/Air       10%        N/A       21%         2
 Sublimation of Blood     Necr           5%         N/A       21%         2
 Mephitic Cloud           Conj/Pois/Air  12%        N/A       22%         3
 Confusing Touch          Hex            5%         N/A       38%         3
 Spider Form              Tmut/Pois      5%         N/A       38%         3
 Swiftness                Air            5%         N/A       38%         3
 Vampiric Draining        Necr           5%         2d6       38%         3
 Airstrike                Air            2%         N/A       80%         4
 Anguish                  Hex/Necr       2%         N/A       80%         4
 Freezing Cloud           Conj/Ice/Air   6%         6-21      89%         5
 Alistair's Intoxication  Tmut/Pois      3%         N/A       98%         5
 Manifold Assault         Tloc           5%         N/A       98%         5
 Yara's Violent Unravell  Hex/Tmut       2%         3d3       98%         5
 Enfeeble                 Hex            2%         N/A       100%        7
 Storm Form               Tmut/Air       2%         N/A       100%        7
 Summon Hydra             Summ           2%         N/A       100%        7
 Borgnjor's Revivificati  Necr           2%         N/A       100%        8
 Necromutation            Tmut/Necr      2%         N/A       100%        8
 Chain Lightning          Conj/Air       8%         3d10      100%        9
 Death's Door             Necr           2%         N/A       100%        9
 Fire Storm               Conj/Fire      27%        8d7       100%        9
 Shatter                  Erth           2%         3d6*      100%        9


Dungeon Overview and Level Annotations

Branches:
Dungeon (15/15)            Temple (1/1) D:4            Lair (6/6) D:9
 Shoals (0/4) Lair:3       Spider (4/4) Lair:3        Slime (0/5) Lair:5
    Orc (2/2) D:12            Elf (0/3) Orc:2        Vaults (0/5) D:13
 Depths (0/4) D:15          Sewer (visited)         Gauntlet (visited)

Altars:
Ashenzari
Cheibriados
Dithmenos
Elyvilon
Fedhas
Gozag
Hepliaklqana
Kikubaaqudgha
Makhleb
Nemelex Xobeh
Okawaru
Qazlal
Ru
Sif Muna
Trog
Uskayaw
Vehumet
Wu Jian
Xom
Yredelemnul
Zin
The Shining One

Shops:
D:8 [   D:10 *   Orc:2 ([*:*

Portals:
Pandemonium: Orc:2
Trove: D:12 (give 5 scrolls of fog)

Annotations:
D:6 2 transporters, Raspi's ghost, novice DsFi
D:13 3 runed translucent doors, Vext's ghost, journeyman SpEn
Spider:4 3 runed translucent doors


Message History

The spark wasp is covered in liquid flames!
The spark wasp burns!
The spark wasp stings you. The spark wasp shocks you!
The spark wasp stings you but does no damage.
You impale the spark wasp!! You burn the spark wasp.
The spark wasp is heavily wounded.
The spark wasp burns!
The spark wasp stings you!! The spark wasp shocks you!
You barely miss the spark wasp.
The spark wasp is heavily wounded.
The spark wasp stings you! The spark wasp shocks you!
The spark wasp closely misses you.
Activating: Cleansing Flame (1% risk of failure)
Press: ? - help, Dir - look around, f - activate The golden flame engulfs you but does no damage.
You resist.
The golden flame engulfs the spark wasp.
The spark wasp is heavily wounded.
The spark wasp burns!
The spark wasp stings you!!
* * * LOW HITPOINT WARNING * * *
The spark wasp shocks you!
* * * LOW HITPOINT WARNING * * *
Activating: Cleansing Flame (1% risk of failure)
Press: ? - help, Dir - look around, f - activate The golden flame engulfs you but does no damage.
The golden flame engulfs the spark wasp.
The spark wasp is severely wounded.
The spark wasp burns!
The spark wasp stings you!
* * * LOW HITPOINT WARNING * * *
The spark wasp shocks you! The Shining One protects you from harm!
The spark wasp bursts into living lightning!
The living lightning hits you! The Shining One protects you from harm!
The spark wasp blinks!
Okay, then.
Unknown command.
Your shield is strengthened by the Shining One's divine power.
The spark wasp burns!
The spark wasp bursts into living lightning!
The living lightning hits you!!
You die...

####################
#..#.^#..#..^..#y..#
#..#.....#^...##..###
#^.#.<.#^..#........#####
#..#...#...#..#....##^..## ##
#..#...#...#....@#..##... ##.#
#...^##.^^.#....§^###...###^.#
..#..^^.##.......^.^..#...#^.# ##
#....##.....#####..##^.^..^.###.#
#...[#..##....^.#........^.##....
.#^..#..#^.....##.#....#.#...#^..
.#^†.#....^#####..#...##..#.....#
.#..^#...........###...^.^.^.....
.#...^..#.)†<......#^#...........


You could see a spark wasp (burning).

Vanquished Creatures
  Gastronok (D:11)
  A tengu reaver (D:13)
  Kirke (Lair:6)
  2 fire giants (D:13)
  4 emperor scorpions
  3 ghost moths
  A broodmother (Spider:3)
  Azrael (D:12)
  5 entropy weavers
  2 spark wasps
  A fire dragon (D:15)
  Fannar (D:12)
  10 boulder beetles
  An ice dragon (D:15)
  8 vault guards (D:13)
  An ogre mage (D:14)
  8 hydras
  5 centaur warriors
  A jorogumo (Spider:3)
  2 demonspawn (Orc:2)
  A catoblepas (Lair:5)
  3 radroaches
  7 two-headed ogres
  4 tengu warriors
  A deep troll shaman (Lair:6)
  20 death yaks
  5 orc high priests (Orc:2)
  Nergalle (D:10)
  Urug (D:10)
  2 sun moths
  6 pharaoh ants
  A sixfirhy (Orc:2)
  4 steelbarb worms
  3 orb spiders
  Pikel (D:7)
  6 deep elf pyromancers
  A lindwurm (Lair:3)
  6 orc sorcerers (Orc:2)
  6 orc knights
  6 deep elf zephyrmancers (D:11)
  8 ugly things (D:14)
  7 cyclopes
  3 moths of wrath
  4 slime creatures
  10 wolf spiders
  4 manticores
  13 elephants
  Maurice (Orc:2)
  4 black mambas
  A smoke demon (Orc:2)
  13 torpor snails
  A torpor snail (shapeshifter) (D:14)
  A gargoyle (D:10)
  2 unseen horrors
  Maggie (D:9)
  12 cane toads
  A rime drake (Lair:1)
  10 demonic crawlers
  8 komodo dragons
  An ice devil (Orc:2)
  A freezing wraith (D:12)
  8 trolls
  6 polar bears
  18 meliai
  15 tarantellas
  25 blink frogs
  4 hornets
  10 dream sheep
  5 culicivoras
  A centaur simulacrum (D:15)
  18 jumping spiders
  2 wraiths (D:13)
  A culicivora (shapeshifter) (D:13)
  A shadow (D:9)
  39 yaks
  A spriggan (Lair:5)
  A wyvern (Lair:4)
  2 fire elementals (D:12)
  3 humans (Lair:6)
  Grum (Lair:1)
  A water elemental (D:14)
  2 basilisks
  2 hogs (Lair:6)
  29 redbacks
  13 vampire mosquitoes
  A warg (shapeshifter) (D:9)
  A warg (D:15)
  2 two-headed ogre zombies (D:12)
  An acid dragon (D:11)
  15 water moccasins
  4 hell hounds
  2 ice beasts
  30 orc warriors
  A necrophage (D:4)
  2 ogres
  3 black bears
  A boggart (D:14)
  10 wolves
  A lemure (D:7)
  11 centaurs
  4 phantoms
  A kobold brigand (D:9)
  Blork the orc (D:5)
  12 bullfrogs
  A wyvern zombie (D:7)
  4 scorpions
  A bullfrog (shapeshifter) (Gauntlet)
  A water moccasin zombie (D:7)
  A water moccasin skeleton (D:4)
  7 killer bees
  7 wights
  An electric eel (D:14)
  5 howler monkeys
  2 jellies
  A bullfrog skeleton (D:5)
  4 centaur zombies
  4 hounds
  Crazy Yiuf (D:3)
  20 orc priests
  A gnoll shaman (D:7)
  3 iguanas
  23 orc wizards
  2 killer bee zombies
  6 ogre zombies (D:12)
  A hound skeleton (D:5)
  2 gnolls (D:7)
  6 adders
  4 river rats (Sewer)
  2 white imps
  An ufetubus (D:5)
  2 dart slugs
  2 worms
  70 orcs
  15 endoplasms
  7 giant cockroaches
  21 goblins
  13 hobgoblins
  2 jackals (D:4)
  6 kobolds
  3 quokkas
  20 ball pythons
  12 bats
  A frilled lizard (D:1)
  A goblin skeleton (D:12)
  5 goblin zombies (D:12)
  A hobgoblin skeleton (D:12)
  4 hobgoblin zombies (D:12)
  14 orc zombies (D:12)
  25 rats
  A bush (D:1)
897 creatures vanquished.

Vanquished Creatures (collateral kills)
  Mlioglotl (Spider:1)
  A hound (D:6)
2 creatures vanquished.

Vanquished Creatures (others)
  A hornet (D:9)
  2 fire bats (Gauntlet)
  3 killer bees (D:7)
  A wight (D:7)
  A gnoll shaman (D:9)
  An orc wizard (D:11)
  A gnoll (D:7)
  57 fungi
  91 plants
158 creatures vanquished.

Grand Total: 1057 creatures vanquished

Notes
Turn   | Place    | Note
-------+----------+-------------------------------------------
     0 | D:1      | Armakuni the Human Gladiator began the quest for the Orb.
     0 | D:1      | Reached XP level 1. HP: 16/16 MP: 1/1
   236 | D:1      | Reached XP level 2. HP: 23/23 MP: 2/2
   536 | D:1      | Reached XP level 3. HP: 25/28 MP: 3/3
   999 | D:2      | Found a faded altar of an unknown god.
  1157 | D:2      | Found a bloodstained altar of Trog.
  1749 | D:2      | Reached XP level 4. HP: 35/35 MP: 4/4
  2040 | D:3      | Found a hazy altar of Hepliaklqana.
  2415 | D:3      | Found a white marble altar of Elyvilon.
  2416 | D:3      | Found a shimmering blue altar of Sif Muna.
  2425 | D:3      | Became a worshipper of Elyvilon the Healer
  2467 | D:3      | Noticed an ogre
  2489 | D:3      | Killed an ogre
  2490 | D:3      | Reached XP level 5. HP: 34/42 MP: 5/5
  2510 | D:3      | Reached skill level 5 in Staves
  2659 | D:3      | Found a runed translucent door.
  2660 | D:3      | Noticed Crazy Yiuf
  2668 | D:3      | Killed Crazy Yiuf
  2669 | D:3      | Reached XP level 6. HP: 48/48 MP: 6/6
  2704 | D:4      | Noticed an orc warrior
  2731 | D:3      | Killed an orc warrior
  3104 | D:3      | Reached XP level 7. HP: 32/54 MP: 7/7
  4299 | D:4      | Found a staircase to the Ecumenical Temple.
  4321 | Temple   | Entered the Ecumenical Temple
  4499 | D:5      | Entered Level 5 of the Dungeon
  4512 | D:5      | Reached skill level 1 in Invocations
  4512 | D:5      | Reached XP level 8. HP: 42/60 MP: 8/8
  4653 | D:5      | Noticed Blork the orc
  4718 | D:5      | Killed Blork the orc
  4736 | D:5      | Reached * piety under Elyvilon
  4880 | D:5      | Reached skill level 1 in Evocations
  5458 | D:5      | Reached ** piety under Elyvilon
  5458 | D:5      | You fall into a shaft and drop 3 floors!
  5458 | D:8      | Noticed Pikel
  5597 | D:6      | Found a glowing drain.
  5609 | Sewer    | Entered a sewer
  6054 | Sewer    | Reached XP level 9. HP: 48/65 MP: 12/12
  6389 | D:6      | Reached skill level 5 in Evocations
  6477 | D:6      | Found a transporter.
  6630 | D:6      | Noticed Raspi's ghost (novice DsFi)
  6646 | D:6      | Found a transporter.
  6907 | D:6      | Reached *** piety under Elyvilon
  8402 | D:7      | Identified the +4 flail "Onewer" {vorpal, rElec Stlth+}
  8839 | D:7      | Reached XP level 10. HP: 27/71 MP: 7/13
  9152 | D:8      | Found a glowing silver altar of Zin.
  9262 | D:7      | Killed Pikel
  9263 | D:7      | Reached skill level 4 in Fire Magic
  9302 | D:8      | Found Isonale's Armour Shoppe.
  9530 | D:8      | Noticed a two-headed ogre
  9883 | D:9      | Reached skill level 5 in Fire Magic
 10035 | D:8      | Killed a two-headed ogre
 10036 | D:8      | Reached skill level 6 in Fire Magic
 10116 | D:8      | Found an iron altar of Okawaru.
 10274 | D:9      | Noticed Maggie
 10279 | D:9      | Killed Maggie
 10280 | D:9      | Reached skill level 7 in Fire Magic
 10465 | D:9      | Noticed a cyclops
 10473 | D:9      | Noticed an eight-headed hydra
 10483 | D:9      | Killed an eight-headed hydra
 10484 | D:9      | Reached skill level 8 in Fire Magic
 10484 | D:9      | Reached XP level 11. HP: 27/77 MP: 12/14
 10719 | D:9      | Reached skill level 9 in Fire Magic
 10925 | D:9      | Noticed a tengu warrior
 11395 | D:9      | Noticed a manticore
 11411 | D:9      | Killed a manticore
 11773 | D:9      | Noticed a deep elf pyromancer
 11790 | D:9      | Killed a deep elf pyromancer
 11791 | D:9      | Reached skill level 10 in Evocations
 11796 | D:9      | Killed a cyclops
 11797 | D:9      | Reached skill level 10 in Fire Magic
 11998 | D:9      | Learned a level 2 spell: Wereblood
 12031 | D:9      | Found a staircase to the Lair.
 12038 | Lair:1   | Entered Level 1 of the Lair of Beasts
 12062 | Lair:1   | Identified the +6 spear of Sirocvugh {vorpal, rElec MP-9
                  | SInv Stlth+}
 12548 | Lair:1   | Reached skill level 10 in Staves
 13006 | Lair:1   | Noticed Grum
 13031 | Lair:1   | Killed Grum
 13032 | Lair:1   | Reached XP level 12. HP: 54/83 MP: 15/15
 13916 | Lair:2   | Learned a level 4 spell: Flame Wave
 13920 | Lair:2   | Learned a level 3 spell: Inner Flame
 13943 | Lair:2   | Reached **** piety under Elyvilon
 14983 | Lair:3   | Reached skill level 5 in Fighting
 15733 | Lair:3   | Found a hole to the Spider Nest.
 15820 | Lair:3   | Found a staircase to the Shoals.
 16355 | Lair:4   | Found a gate leading to a gauntlet.
 16373 | Gauntlet | Entered a Gauntlet
 16373 | Gauntlet | Found a transporter.
 16373 | Gauntlet | Found a transporter.
 16376 | Gauntlet | Noticed a soul eater
 16383 | Gauntlet | Noticed a swamp dragon
 16385 | Gauntlet | a swamp dragon changed into a swamp worm
 16455 | Gauntlet | Noticed a fire crab
 16455 | Gauntlet | a manticore changed into a fire crab
 16487 | Gauntlet | a fire crab changed into a tarantella
 16536 | Gauntlet | Noticed a sea snake
 16536 | Gauntlet | a floating eye changed into a sea snake
 16565 | Gauntlet | Noticed a swamp dragon
 16565 | Gauntlet | a sea snake changed into a swamp dragon
 16602 | Gauntlet | a swamp dragon changed into a dream sheep
 16613 | Gauntlet | Found a transporter.
 16613 | Gauntlet | Found a transporter.
 16618 | Gauntlet | Noticed a sixfirhy
 16619 | Gauntlet | Noticed a quicksilver ooze
 16622 | Gauntlet | Found a transporter.
 16624 | Gauntlet | Noticed a sixfirhy
 16629 | Gauntlet | Noticed a sixfirhy
 16637 | Gauntlet | Noticed a death drake
 16637 | Gauntlet | a meliai changed into a death drake
 16641 | Gauntlet | Found a transporter.
 16651 | Gauntlet | Found a transporter.
 16651 | Gauntlet | Found a transporter.
 16663 | Gauntlet | Noticed a hell hog
 16675 | Gauntlet | Found a transporter.
 16682 | Gauntlet | Found a transporter.
 16694 | Gauntlet | Found a transporter.
 16710 | Gauntlet | Noticed a swamp dragon
 16714 | Gauntlet | Found a transporter.
 16740 | Gauntlet | Noticed a shock serpent
 16740 | Gauntlet | a swamp dragon changed into a shock serpent
 16747 | Gauntlet | Found a transporter.
 16749 | Gauntlet | Found a large runed translucent door.
 16749 | Gauntlet | Found a large runed translucent door.
 16750 | Gauntlet | Found a large runed translucent door.
 16750 | Gauntlet | Found a large runed translucent door.
 16751 | Gauntlet | Found a large runed translucent door.
 16751 | Gauntlet | Found a runed translucent door.
 16751 | Gauntlet | Found a large runed translucent door.
 16751 | Gauntlet | Found a runed translucent door.
 16751 | Gauntlet | Found a large runed translucent door.
 16751 | Gauntlet | Found a large runed translucent door.
 16752 | Gauntlet | Found a large runed translucent door.
 16752 | Gauntlet | Found a large runed translucent door.
 16755 | Gauntlet | Found a large runed translucent door.
 16755 | Gauntlet | Found a large runed translucent door.
 16757 | Gauntlet | Found a large runed translucent door.
 16757 | Gauntlet | Found a large runed translucent door.
 16757 | Gauntlet | Found a large runed translucent door.
 16759 | Gauntlet | Found a runed translucent gate.
 16759 | Gauntlet | Found a runed translucent gate.
 16759 | Gauntlet | Found a runed translucent gate.
 16760 | Gauntlet | Noticed a fire crab
 16761 | Gauntlet | Found a transporter.
 16770 | Gauntlet | Found the +0 pair of fencer's gloves {Riposte Dex+3}
 16772 | Gauntlet | Found a large runed translucent door.
 16863 | Gauntlet | Found a transporter.
 16889 | Gauntlet | Found a transporter.
 16957 | Gauntlet | Noticed a six-headed hydra
 16973 | Gauntlet | Pacified a six-headed hydra
 16974 | Gauntlet | Reached XP level 13. HP: 101/101 MP: 11/16
 17038 | Gauntlet | Reached skill level 5 in Invocations
 17384 | Gauntlet | Identified the +8 battleaxe of Armakuni's Death {flame,
                  | *Rage MP+9 Dex+4 SInv}
 17384 | Gauntlet | Noticed a minotaur
 17406 | Gauntlet | Identified the +1 scimitar "Wynginuw" {vorpal, Stlth+}
 17419 | Lair:4   | Reached skill level 1 in Spellcasting
 17694 | Lair:3   | Learned a level 4 spell: Sticky Flame
 18517 | Lair:4   | Noticed a five-headed hydra
 18530 | Lair:4   | Killed a five-headed hydra
 19085 | Lair:4   | Reached skill level 1 in Armour
 19517 | Lair:4   | Reached skill level 1 in Conjurations
 20595 | Lair:5   | Found a staircase to the Slime Pits.
 20949 | Lair:5   | Reached XP level 14. HP: 99/108 MP: 14/20
 20960 | Lair:5   | Reached skill level 5 in Spellcasting
 20960 | Lair:5   | Reached skill level 5 in Conjurations
 22298 | Lair:6   | Entered Level 6 of the Lair of Beasts
 22302 | Lair:6   | Reached skill level 10 in Invocations
 22470 | Lair:6   | Identified a scroll of acquirement
 22473 | Lair:6   | Acquired 255 gold pieces
 22758 | Lair:6   | Reached skill level 5 in Armour
 23702 | Lair:6   | Noticed Kirke
 23723 | Lair:6   | Killed Kirke
 23723 | Lair:6   | Was placed under penance by Elyvilon
 25040 | Lair:6   | Reached XP level 15. HP: 95/113 MP: 19/24
 26003 | D:10     | Entered Level 10 of the Dungeon
 26634 | D:10     | Was forgiven by Elyvilon
 26923 | D:10     | Found a large runed translucent door.
 26923 | D:10     | Found a large runed translucent door.
 26989 | D:10     | Found Gupn's Assorted Antiques.
 27001 | D:10     | Bought a wand of iceblast (7) for 104 gold pieces
 27100 | D:10     | Noticed Urug
 27108 | D:10     | Killed Urug
 27285 | D:10     | Found a radiant altar of Vehumet.
 27298 | D:10     | Found a snail-covered altar of Cheibriados.
 28020 | D:11     | Noticed Gastronok
 28020 | D:11     | Noticed Nergalle
 28121 | D:10     | Killed Nergalle
 28122 | D:10     | Reached skill level 10 in Armour
 28197 | D:11     | Killed Gastronok
 28594 | D:12     | Noticed Fannar
 28603 | D:12     | Killed Fannar
 28787 | Temple   | Fell from the grace of Elyvilon
 28787 | Temple   | Became a worshipper of the Shining One
 28787 | Temple   | Reached * piety under the Shining One
 28787 | Temple   | Reached ** piety under the Shining One
 29063 | D:12     | Reached *** piety under the Shining One
 29065 | D:12     | Found a staircase to the Orcish Mines.
 29118 | D:12     | Reached **** piety under the Shining One
 29155 | D:12     | Reached skill level 1 in Maces & Flails
 29240 | D:12     | Noticed Azrael
 29245 | D:12     | Killed Azrael
 29329 | D:12     | Found a portal to a secret trove of treasure.
 29846 | D:13     | Reached XP level 16. HP: 40/120 MP: 21/26
 30082 | D:13     | Found a gate to the Vaults.
 30179 | D:13     | Reached skill level 11 in Fire Magic
 30479 | D:13     | Noticed a fire giant
 30479 | D:13     | Reached ***** piety under the Shining One
 30480 | D:13     | Noticed a fire giant
 30480 | D:13     | Noticed a tengu reaver
 30493 | D:13     | Killed a fire giant
 30493 | D:13     | Killed a fire giant
 30494 | D:13     | Reached skill level 5 in Maces & Flails
 30608 | D:13     | Noticed Vext's ghost (journeyman SpEn)
 30633 | D:13     | HP: 6/120 [tengu reaver (3)]
 30639 | D:13     | HP: 5/117 [tengu reaver (6)]
 30646 | D:13     | Killed a tengu reaver
 30769 | D:13     | Identified the +7 morningstar of Xacwetyc {flame, +Blink
                  | rPois Str+4 Int+4}
 30983 | D:13     | Found a runed translucent gate.
 30983 | D:13     | Found a runed translucent gate.
 30984 | D:13     | Found a runed translucent gate.
 31989 | D:14     | Reached skill level 12 in Fire Magic
 32843 | D:15     | Entered Level 15 of the Dungeon
 33017 | D:15     | Found a staircase to the Depths.
 33444 | Orc:1    | Entered Level 1 of the Orcish Mines
 33601 | D:10     | Bought a scroll of fog for 52 gold pieces
 34193 | Orc:2    | Entered Level 2 of the Orcish Mines
 34239 | Orc:2    | Found a staircase to the Elven Halls.
 34382 | Orc:2    | Found Alycomp's General Store.
 34446 | Orc:2    | Found Lasooc's General Store.
 34490 | Orc:2    | Reached XP level 17. HP: 122/125 MP: 20/27
 34503 | Orc:2    | Bought a potion of heal wounds for 80 gold pieces
 34516 | Orc:2    | Bought a scroll of fog for 26 gold pieces
 34516 | Orc:2    | Bought a scroll of blinking for 97 gold pieces
 34591 | Orc:2    | Reached ****** piety under the Shining One
 34593 | Orc:2    | Reached skill level 13 in Fire Magic
 34593 | Orc:2    | Identified a +6 sacred scourge of holy wrath (a +4 demon
                  | whip of freezing blessed by the Shining One)
 34593 | Orc:2    | Received a gift from the Shining One
 34773 | Orc:2    | Bought a scroll of enchant weapon for 97 gold pieces
 34978 | Orc:2    | Found Ledonaus's Antique Armour Boutique.
 34978 | Orc:2    | Found Olewojof's Book Shop.
 34978 | Orc:2    | Found a one-way gate leading to the halls of Pandemonium.
 34988 | Orc:2    | Bought a masterwork hat for 216 gold pieces
 34988 | Orc:2    | Identified the +1 hat of the Sixty-Six Tales {Will+ Str+6
                  | Slay-4} (You bought it in a shop on level 2 of the Orcish
                  | Mines)
 34992 | Orc:2    | Bought a pair of faintly glowing gloves for 228 gold pieces
 34992 | Orc:2    | Identified the +1 pair of gloves "Iriklupp" {rC++} (You
                  | bought it in a shop on level 2 of the Orcish Mines)
 35029 | Orc:2    | Bought a scroll of enchant weapon for 120 gold pieces
 35032 | Orc:2    | Bought the +3 ring mail of the Little Devil {+Inv Regen+
                  | Str+3} for 510 gold pieces
 35059 | Orc:2    | Noticed Maurice
 35066 | Orc:2    | Killed Maurice
 35188 | Orc:2    | Found Ygurgh's Firing Range.
 35425 | Spider:1 | Entered Level 1 of the Spider Nest
 35988 | Spider:1 | Reached skill level 14 in Fire Magic
 36875 | Spider:1 | Noticed Mlioglotl
 36885 | Spider:1 | Killed Mlioglotl
 37745 | Spider:2 | Reached skill level 15 in Fire Magic
 37851 | Spider:2 | You fall into a shaft and drop 1 floor!
 38650 | Spider:2 | Acquired 743 gold pieces
 38660 | Spider:2 | Learned a level 1 spell: Apportation
 38819 | Spider:3 | Reached skill level 16 in Fire Magic
 39428 | Spider:3 | Reached XP level 18. HP: 132/132 MP: 15/28
 39623 | Spider:4 | Entered Level 4 of the Spider Nest
 39623 | Spider:4 | Found a runed translucent gate.
 39624 | Spider:4 | Found a runed translucent gate.
 39625 | Spider:4 | Found a runed translucent gate.
 40106 | Spider:3 | Reached skill level 17 in Fire Magic
 40565 | Spider:4 | Identified the +7 trident of Upitim {flame, Dex+6}
 41454 | Spider:4 | Reached skill level 18 in Fire Magic
 41805 | Spider:4 | The Shining One protects you from harm!
 41805 | Spider:4 | The Shining One protects you from harm!
 41806 | Spider:4 | Killed from afar by a spark wasp

Illustrated notes

Levels and vault maps discovered:
D:1:      minmay_arrival_stone_box, layout_basic, serial_forest,
          infiniplex_forest_zigzag_1, infiniplex_forest_corner_1,
          infiniplex_forest_lined_4_way, infiniplex_forest_zigzag_1,
          infiniplex_forest_split, infiniplex_forest_clump_small,
          infiniplex_forest_clump_small, st_stairs_3, due_unseen_surprise
D:2:      minmay_inner_zag, layout_basic, basic_altar,
          shapermc_ecumenical_altar_totnotflames, chequers_avenue,
          nrook_campfire
D:3:      layout_rooms, lemuel_crystal_altar,
          chequers_temple_overflow_statue_of_worship, serial_forest,
          infiniplex_forest_clump_small, infiniplex_forest_clump_double,
          infiniplex_forest_clump_tiny, infiniplex_forest_lined_room_,
          infiniplex_forest_end_1, infiniplex_forest_clump_tiny,
          skrybe_limestone_x, st_stairs_9, minmay_ogre_servants,
          uniq_crazy_yiuf_cottage
D:4:      layout_basic, minmay_temple_entry_statues_fountains,
          grunt_ministairs_7
D:5:      layout_gridville, uniq_blork_the_orc
D:6:      lemuel_ice_spiral_2, layout_basic, gammafunk_ghost_stat_death,
          cheibrodos_sewer_entry_drain, grunt_decor_arrowhead
D:7:      layout_basic, enter_bailey_3, nicolae_ossuary_entry_monument,
          eino_jars
D:8:      wad_pebble_path, layout_rooms, mainiacjoe_overflow_alcove_1,
          zin_scriptorium, serial_shops, shop_statue, minmay_misc_feat_chi,
          uniq_pikel
D:9:      nzn_winding_woodlands_three_and_one
          [nzn_winding_woodlands_5x15_sawtooth,
          nzn_winding_woodlands_5x15_sidewinder, nzn_winding_woodlands_5x15_eye,
          nzn_winding_woodlands_center_triple_pond], layout_small_grid,
          lair_entry_dummy, uniq_maggie
D:10:     layout_gridville, jmf_multi_god_temple2, serial_shops, shop_statue,
          uniq_urug
D:11:     layout_stronghold, elves_outpost_lemuel, uniq_gastronok, uniq_nergalle
D:12:     layout_roguey, zombieorc2_lemuel, trove_entry_hex_spiral, uniq_fannar,
          uniq_azrael
D:13:     layout_stronghold, erik_vaults_2, maelrawn_ghost_gauntlet_escape,
          minmay_radiant
D:14:     minmay_curly_fans, layout_grid_maze, serial_bayou,
          serial_bayou_ford_a, serial_bayou_pond_b
D:15:     grunt_enter_depths_hoard, layout_long_grid, elyvilon_altar_5,
          serial_glass, glass_columns_a, glass_columns_a, glass_columns_c,
          glass_columns_a, glass_columns_c, glass_columns_b, glass_columns_c,
          glass_columns_a
Temple:   nicolae_temple_no_exploring_needed
Lair:1:   wander_river, layout_gridlike, grunt_megastairs_1, uniq_grum
Lair:2:   layout_loops_ring, minivault_11
Lair:3:   layout_chaotic_city, minmay_shoals_entry_centaurs,
          spider_nest_entry_web_field, grunt_forest_small_clearings
Lair:4:   layout_long_grid, gauntlet_entry_generic
Lair:5:   layout_cave_pods, nicolae_slime_entry_slimehenge, forest_entry_grove
Lair:6:   grunt_lair_end_beastmaster, layout_regular_city,
          nicolae_lair_grove_arrangements, uniq_kirke
Spider:1: layout_cave_pods, einodemon_crawler_minivault, uniq_mlioglotl
Spider:2: layout_chambers
Spider:3: layout_spider_delve, nicolae_spider_moth_buddies
Spider:4: hellmonk_spider_rune_bug_friends, gammafunk_ghost_tricky_traps,
          guppyfry_hornet_nest
Orc:1:    layout_caves
Orc:2:    pf_orc_diabolical, layout_caves, nicolae_shop_firing_range,
          uniq_maurice

Skill      XL: |  1  2  3  4  5  6  7  8  9 10 11 12 13 14 15 16 17 18 |
---------------+-------------------------------------------------------+-----
Fighting       | 3 4 9 |  9.1
Staves         | 4 5 6 8 10 12 | 12.0
Invocations    | 1 4 9 12 14 | 14.1
Evocations     | 4 8 9 10 | 10.0
Fire Magic     | 8 10 12 16 18 | 18.1
Spellcasting   | 4 5 |  5.0
Armour         | 2 7 10 | 10.0
Conjurations   | 4 5 |  5.0
Dodging        | 4 |  4.8
Maces & Flails | 3 8 9 |  9.3
Throwing       | |  2.0

Action                   |  1- 3 |  4- 6 |  7- 9 | 10-12 | 13-15 | 16-18 || total
-------------------------+-------+-------+-------+-------+-------+-------++-------
Melee: Quarterstaff      |   149 |   144 |   446 |       |       |       ||   739
       Flail             |       |       |     4 |    25 |       |       ||    29
       Staff             |       |       |       |   356 |   695 |   331 ||  1382
       Morningstar       |       |       |       |       |       |   283 ||   283
       Sacred scourge    |       |       |       |       |       |    74 ||    74
Throw: Throwing net      |       |     3 |     5 |       |       |       ||     8
 Cast: Sticky Flame      |       |       |       |       |   121 |   166 ||   287
       Flame Wave        |       |       |       |       |    14 |     1 ||    15
       Inner Flame       |       |       |       |       |     2 |    38 ||    40
Invok: Purification      |       |       |     2 |     5 |     2 |       ||     9
       Heal Other        |       |       |     6 |     3 |     7 |       ||    16
       Heal Self         |       |       |     2 |     7 |    21 |       ||    30
       Divine Shield     |       |       |       |       |       |    35 ||    35
       Cleansing Flame   |       |       |       |       |       |    24 ||    24
       Summon Divine War |       |       |       |       |       |     1 ||     1
       Brand Weapon With |       |       |       |       |       |     1 ||     1
Evoke: Wand              |       |       |    14 |     9 |    26 |    47 ||    96
       Tin of tremorston |       |       |       |     2 |     5 |     9 ||    16
  Use: Scroll            |     3 |     1 |    12 |    10 |    11 |    10 ||    47
       Potion            |       |     5 |     5 |     2 |     4 |     6 ||    22
 Stab: Held in net/web   |       |     2 |       |       |       |       ||     2
       Petrified         |       |       |       |       |    16 |       ||    16
Armor: Leather armour    |     4 |       |       |       |       |       ||     4
       Ring mail         |    46 |    68 |   179 |    27 |       |   296 ||   616
       Steam dragon scal |       |       |       |    78 |   162 |       ||   240
       Troll leather arm |       |       |       |       |   130 |   100 ||   230
Dodge: Dodged            |    57 |    87 |   291 |   234 |   453 |   574 ||  1696
Block: Orb               |       |       |       |       |       |   225 ||   225
       Rpst.: Staff      |       |       |       |       |    98 |    45 ||   143
       Morningstar       |       |       |       |       |       |    70 ||    70
       Sacred scourge    |       |       |       |       |       |     8 ||     8
